 Dungeon Crawl Stone Soup version 0.21.1-1-g345015f (webtiles) character file.

69 Matador8 the Sneak (level 4, -8/21 HPs)
             Began as a Spriggan Enchanter on Apr 18, 2018.
             Mangled by an orc warrior
             ... wielding a +0 glaive
              (22 damage)
             ... on level 2 of the Dungeon.
             The game lasted 00:08:43 (968 turns).

Matador8 the Sneak (Spriggan Enchanter)              Turns: 968, Time: 00:08:48

Health: -8/21      AC:  2    Str:  4    XL:     4   Next: 2%
Magic:  9/10       EV: 18    Int: 17    God:
Gold:   58         SH:  0    Dex: 16    Spells: 2/9 levels left

rFire    . . .     SeeInvis +   i - +0 dagger (venom)
rCold    . . .     Gourm    .   (shield restricted)
rNeg     . . .     Faith    .   b - +0 robe
rPois    .         Spirit   .   (helmet restricted)
rElec    .         Reflect  .   (no cloak)
rCorr    .         Harm     .   (gloves unavailable)
MR       .....                  (boots unavailable)
Stlth    +++.......             (no amulet)
HPRegen  0.07/turn              (no ring)
MPRegen  0.12/turn              (no ring)

@: very quick
A: very small, unfitting armour, see invisible, herbivore, speed 3, slow
metabolism 2
a: no special abilities


You were on level 2 of the Dungeon.
You were not hungry.

You visited 1 branch of the dungeon, and saw 2 of its levels.

You collected 58 gold pieces.

Inventory:

Hand Weapons
 a - a +1 dagger
 i - a +0 dagger of venom (weapon)
Armour
 b - a +0 robe (worn)
 j - a +2 pair of boots
Jewellery
 g - an uncursed ring of ice {unknown}
Scrolls
 f - 4 scrolls of identify {unknown}
 h - a scroll of magic mapping {unknown}
Potions
 e - a potion of curing {unknown}
 k - a potion of flight {unknown}
Books
 c - a book of Maledictions

   Spells                             Type                      Level
   a - Corona                         Hexes                        1
   b - Ensorcelled Hibernation        Hexes/Ice                    2
   c - Confuse                        Hexes                        3
   d - Tukima's Dance                 Hexes                        3
   e - Dazzling Spray                 Conjuration/Hexes            3
Comestibles
 d - 2 rations


   Skills:
 + Level 2.6 Short Blades
 - Level 3.1 Dodging
 - Level 5.2 Stealth
 + Level 3.4 Spellcasting
 - Level 4.1 Hexes


You had 2 spell levels left.
You knew the following spells:

 Your Spells              Type           Power        Failure   Level  Hunger
a - Corona                Hex            ###....      3%          1    None
b - Confuse               Hex            ###.....     9%          3    ###....
c - Dazzling Spray        Conj/Hex       ##....       22%         3    ###....


Dungeon Overview and Level Annotations

Branches:
Dungeon (2/15)

Altars:


Innate Abilities, Weirdness & Mutations

You are very small and have problems with some larger weapons.
You are too small for most types of armour.
You have supernaturally acute eyesight. (SInv)
You are a herbivore.
You cover ground extremely quickly.
You need consume almost no food.


Message History

The adder bites you but does no damage.
You hit the adder.
You kill the adder!
You have reached level 4!
You see here an adder corpse.
You butcher the adder corpse.
Things that are here:
a chunk of flesh; an adder skeleton You see here a bat corpse.
Found 19 bolts.
Unknown command.
An orc warrior comes into view. It is wielding a glaive.
An orc wizard comes into view. It is wielding a dagger.
The orc warrior shouts!
The orc wizard shouts!
You hit the orc warrior but do no damage.
The orc warrior is poisoned.
You hear a shout! x3
The orc warrior hits you with a glaive!!
Ouch! That really hurt!
You die...

###.#.#.#.##.#.##..###
#.....#......#...#
###.######...#..##
#.........##.#.>
#...####.###.# #####
#.# #.# #.# #.# #.#
#.# #.# #@# #.# #o#
#.# #.# #.# ..o #o#
#.# ..# ###


You could see an orc warrior, an orc wizard and an orc.

Vanquished Creatures
  4 adders (D:2)
  An ooze (D:1)
  A leopard gecko (D:1)
  2 bats
  5 goblins (D:1)
  4 hobgoblins (D:1)
  5 kobolds
  A frilled lizard (D:1)
  6 rats (D:1)
29 creatures vanquished.

Notes
Turn   | Place    | Note
-------+----------+-------------------------------------------
     0 | D:1      | Matador8 the Spriggan Enchanter began the quest for the Orb.
     0 | D:1      | Reached XP level 1. HP: 9/9 MP: 5/5
   181 | D:1      | Reached XP level 2. HP: 9/13 MP: 4/6
   260 | D:1      | Reached skill level 5 in Stealth
   557 | D:1      | Reached XP level 3. HP: 7/16 MP: 8/8
   833 | D:2      | Learned a level 3 spell: Confuse
   839 | D:2      | Learned a level 3 spell: Dazzling Spray
   926 | D:2      | Reached XP level 4. HP: 12/21 MP: 6/10
   962 | D:2      | Noticed an orc warrior
   968 | D:2      | Mangled by an orc warrior

Skill      XL: |  1  2  3 |
---------------+----------+-----
Stealth        | 5 |  5.2
Hexes          | 4 |  4.1
Short Blades   | 2 |  2.6
Spellcasting   | 3 |  3.4
Dodging        | |  3.1

Action                   |  1- 3 |  4- 6 || total
-------------------------+-------+-------++-------
Melee: Dagger            |   104 |     1 ||   105
 Cast: Corona            |     9 |       ||     9
       Confuse           |     1 |       ||     1
       Dazzling Spray    |     1 |       ||     1
 Stab: Sleeping          |     5 |       ||     5
       Distracted        |     1 |       ||     1
Armor: Robe              |    24 |       ||    24
Dodge: Dodged            |   134 |       ||   134
